Unix NetHack Version 5.0.0-0 post-release - last build Jul 14 2026 02:55:29 (1809b74e8187c3a3585e283601c3028b46cbbdcb,branch:main).

Game began 2026-07-15 22:15:29, ended 2026-07-15 22:27:34.

ExaDeuce, lawful male human Samurai

                                                  --------
                                 -----------      |......|
           ---------------      #..........|    ##..[....|
           |.............|      #|.........|    # |......|
           |.>...........|      #|.........|    # -----|--
        ###-.............|      #|.........|   ##      #########
        #  |.............|     ##---------|-  ##       #       ##
        #  --.--.---------     #         ##   #                -.---------
        #    #######          ##         #   ##                +.........|
       ##        ##  #        #          #  ##                 |d........|
 ----- #          ######      #          # ##                 x@..d......|
 |...|##             -.--.----#          # #                  #|.........|
 |...|#              |....(..|#          # #                   -----------
 |..<-#              |...`....#      ----|-#
 |...|               |.......|       |....-#
 |...|               |.......|       |....|
 -----               ---------       |....|
                                     |....|
                                     ------

ExaDeuce the Hatamoto  St:17 Dx:15 Co:18 In:10 Wi:8 Ch:7  Lawful
Dlvl:4  $:38 HP:16(16) Pw:2(2) AC:3  Xp:1/12 T:1131 

Latest messages:
 a - a +0 katana (alternate weapon; not wielded).
 What do you want to wield? [- abcd or ?*] b
 b - a +0 wakizashi (weapon in right hand).
 There is a locked large box here; force its lock? [ynq] (q) y
 You force your wakizashi into a crack and pry.
 You succeed in forcing the lock.
 q - 2 purple-red potions.
 a - a +0 katana (weapon in right hand).
 b - a +0 wakizashi (alternate weapon; not wielded).
 You swap places with Hachi.
 You don't know any spells right now.
 The jackal bites!
 You hit the jackal.
 The jackal misses!
 You miss the jackal.
 You kill the jackal!
 The jackal bites!
 r - a scroll labeled JUYED AWK YACC.
 You see here a jackal corpse.
 You hit the jackal.
 The jackal bites!
 You kill the jackal!
 You see here a jackal corpse.
 There is a jackal corpse here; eat it? [ynq] (n) y
 This jackal corpse tastes terrible!
 Hachi eats a jackal corpse.
 You finish eating the jackal corpse.
 You swap places with Hachi.
 You find a hidden door.
 The door opens.
 The door opens.
 You kill the grid bug!
 You find a hidden door.
 You swap places with Hachi.
 The door opens.
 You see here a banded mail.
 $ - 9 gold pieces (38 in total).
 There is nothing here to pick up.
 You find a hidden door.
 The door opens.
 You see here a statue of a jackal.
 The door opens.
 The grid bug misses!
 You kill the grid bug!
 Really quit without saving? [yes|no] yes
 Do you want your possessions identified? [ynq] (y) y
 Do you want to see your attributes? [ynq] (y) y
 Do you want an account of creatures vanquished? [ynaq] (y) y
 Do you want to see your conduct and achievements? [ynq] (y) y
 Do you want to see the dungeon overview? [ynq] (y) y

Inventory:
 Coins    ('$')
  $ - 38 gold pieces
 Weapons  (')')
  d - 39 +0 ya (in quiver)
  c - a +0 yumi
  a - a +0 katana (weapon in right hand)
  b - a +0 wakizashi (alternate weapon; not wielded)
 Armor    ('[')
  l - an uncursed +0 helm of caution (being worn)
  e - an uncursed rustproof +0 splint mail (being worn)
 Comestibles  ('%')
  j - 3 uncursed gunyoki
  m - an uncursed lichen corpse
 Scrolls  ('?')
  n - an uncursed scroll of confuse monster
  f - an uncursed scroll of light
  r - an uncursed scroll of remove curse
 Potions  ('!')
  k - a blessed potion of healing
  q - 2 uncursed potions of healing
 Rings    ('=')
  o - an uncursed ring of cold resistance
 Wands    ('/')
  p - a wand of cancellation (0:7)
  i - a wand of slow monster (0:6)
 Gems/Stones  ('*')
  h - an uncursed worthless piece of orange glass
  g - a cursed worthless piece of yellowish brown glass

ExaDeuce the Samurai's attributes:

Background:
 You were a Hatamoto, a level 1 male human Samurai.
 You were lawful, on a mission for Amaterasu Omikami
 who was opposed by Raijin (neutral) and Susanowo (chaotic).
 You were right-handed.
 You were in the Dungeons of Doom, on level 4.
 You entered the dungeon 1131 turns ago.
 It was nighttime.
 There was a new moon in effect when your adventure ended.
 You had 12 experience points, 8 more were needed to attain level 2.

Basics:
 You had all 16 hit points.
 You had both energy points (spell power).
 Your armor class was 3.
 Your wallet contained 38 zorkmids.
 Autopickup was on for '$!/="?' plus thrown, with exceptions.

Final Characteristics:
 Your strength was 17 (limit:18/100).
 Your dexterity was 15 (limit:18).
 Your constitution was 18 (limit:18).
 Your intelligence was 10 (limit:18).
 Your wisdom was 8 (limit:18).
 Your charisma was 7 (limit:18).

Final Status:
 You weren't hungry.
 You were unencumbered.
 You were wielding a long sword.
 You had basic skill with long sword.

Final Attributes:
 You were devoutly aligned.
 You were warned.
 You were warded.
 You were fast.
 You survived.

Miscellaneous:
 You didn't encounter any bones levels.
 Total elapsed playing time was 12 minutes and 5 seconds.

Major events:
 Turn
    1: ExaDeuce the lawful male human Samurai entered the dungeon
  420: entered the Gnomish Mines
 1131: quit

You didn't know any spells.

Skills:
 Fighting Skills
   martial arts      [Basic]
   two weapon combat [Unskilled]
   riding            [Unskilled]
 Weapon Skills
   dagger            [Unskilled]
   knife             [Unskilled]
   short sword       [Basic]
   broadsword        [Unskilled]
   long sword        [Basic]
   two-handed sword  [Unskilled]
   saber             [Unskilled]
   flail             [Unskilled]
   quarterstaff      [Unskilled]
   polearms          [Unskilled]
   spear             [Unskilled]
   lance             [Unskilled]
   bow               [Basic]
   shuriken          [Unskilled]
 Spellcasting Skills
   attack spells     [Unskilled]
   divination spells [Unskilled]
   clerical spells   [Unskilled]

Voluntary challenges:
 Character rerolling was not enabled.
 You never genocided any monsters.
 You never polymorphed an object.
 You never changed form.
 You used no wishes.
Achievement:
 You entered the Gnomish Mines.

 The Dungeons of Doom: levels 1 to 5
    Level 1:
    Level 2:
       Stairs down to The Gnomish Mines.
    Level 3:
    Level 4: <- You were here.
    Level 5:
 The Gnomish Mines:
    Level 3:


Vanquished creatures:
  a coyote
  5 jackals
  a fox
  a kobold
  a goblin
  3 grid bugs
  2 lichens
  a kobold zombie
  4 newts
19 creatures vanquished.

No species were genocided or became extinct.

Sayonara ExaDeuce the Samurai...

You quit in The Dungeons of Doom on dungeon level 4 with 286 points,
and 38 pieces of gold, after 1131 moves.
You were level 1 with a maximum of 16 hit points when you quit.

